[Event "Titled Tuesday Blitz March 22 Late 2022"]
[White "Romero Ruscalleda, Josep"]
[Black "Toncheva, Nadya"]
[WhiteFideId "2231859"]
[BlackFideId "2924056"]
[WhiteElo "2262"]
[BlackElo "1884"]
[Result "1-0"]
[Round "04"]
[TimeControl "180+1"]
[Date "2022.03.22"]
[WhiteClock "0:01:15"]
[BlackClock "0:01:02"]

1. e4 d5 2. exd5 Qxd5 3. Nc3 Qa5 4. Nf3 c6 5. d4 Nf6 6. Ne5 Bf5 7. Bc4 e6 8. O-O Nbd7 9. Re1 Bd6 10. Bb3 Nxe5 11. dxe5 Bxe5 12. Bg5 O-O 13. Qe2 Bxc3 14. bxc3 Qxc3 15. h3 h6 16. Bf4 Nd5 17. Be5 Qa5 18. c4 Nb4 19. Bc3 Qb6 20. g4 Bh7 21. Qe5 f6 22. Qxe6+ Kh8 23. Rad1 Rad8 24. c5 Qxc5 25. Rxd8 Rxd8 26. Bxf6 Nd3 27. Bxg7+ Kxg7 28. Qf7+ Kh8 29. Qf6# 1-0


[Site "https://www.chess.com"]

[Event "Titled Tuesday Blitz March 22 Late 2022"]
[White "Rosen, Eric"]
[Black "Daianu, Cristian-Clement"]
[WhiteFideId "2032562"]
[BlackFideId "1208926"]
[WhiteElo "2362"]
[BlackElo "2159"]
[Result "1-0"]
[Round "04"]
[TimeControl "180+1"]
[Date "2022.03.22"]
[WhiteClock "0:00:41"]
[BlackClock "0:00:14"]

1. d4 f5 2. Bf4 Nf6 3. e3 e6 4. Nf3 b6 5. c4 Be7 6. Nc3 O-O 7. Qb3 Bb7 8. Be2 c5 9. dxc5 Bxc5 10. Rd1 Kh8 11. O-O Ne4 12. a3 Nc6 13. Nxe4 fxe4 14. Ng5 Qe7 15. Nxe4 Rxf4 16. exf4 Nd4 17. Qd3 Rf8 18. g3 e5 19. b4 Nxe2+ 20. Qxe2 exf4 21. bxc5 Qxe4 22. Qxe4 Bxe4 23. cxb6 axb6 24. Rxd7 1-0


[Site "https://www.chess.com"]

[Event "Titled Tuesday Blitz March 22 Late 2022"]
[White "Rosenberg, Evan S"]
[Black "Rudykh, Stepan"]
[WhiteFideId "2019299"]
[BlackFideId "4180321"]
[WhiteElo "2333"]
[BlackElo "2140"]
[Result "1-0"]
[Round "04"]
[TimeControl "180+1"]
[Date "2022.03.22"]
[WhiteClock "0:00:02"]
[BlackClock "0:00:02"]

1. d4 e6 2. c4 f5 3. g3 Nf6 4. Bg2 Be7 5. Nh3 O-O 6. Nf4 d6 7. d5 e5 8. Ne6 Bxe6 9. dxe6 Nc6 10. Nc3 Qe8 11. Nd5 Bd8 12. O-O Qxe6 13. Bg5 Kh8 14. Bxf6 gxf6 15. e3 a5 16. Qh5 Ne7 17. Rad1 Nxd5 18. Bxd5 Qc8 19. f4 e4 20. c5 c6 21. Bc4 d5 22. Be2 Be7 23. Rc1 Qe6 24. g4 fxg4 25. Bxg4 Rg8 26. f5 Qe5 27. Rf2 Rg5 28. Qh3 Rag8 29. Rg2 h5 30. Kh1 R8g7 31. Bxh5 Qxf5 32. Bg4+ Qh7 33. Qxh7+ Kxh7 34. Rcg1 Bxc5 35. h4 Rxg4 36. Rxg4 Rxg4 37. Rxg4 Bxe3 38. Kg2 f5 39. Rg3 f4 40. Rg4 f3+ 41. Kf1 Kh6 42. Rg8 Bd4 43. Rb8 b6 44. Rd8 Bxb2 45. Rd6+ Kh5 46. Rxc6 1-0


[Site "https://www.chess.com"]

[Event "Titled Tuesday Blitz March 22 Late 2022"]
[White "Rostovtsev, Dmitry"]
[Black "Le Goff, Ronan"]
[WhiteFideId "34278320"]
[BlackFideId "612073"]
[WhiteElo "2359"]
[BlackElo "2276"]
[Result "1/2-1/2"]
[Round "04"]
[TimeControl "180+1"]
[Date "2022.03.22"]
[WhiteClock "0:00:36"]
[BlackClock "0:00:06"]

1. e4 e5 2. Nf3 Nc6 3. Bb5 Nf6 4. d3 Bc5 5. Bxc6 dxc6 6. Nbd2 Nd7 7. Nc4 Qe7 8. Qe2 f6 9. Bd2 Nf8 10. O-O-O Be6 11. Kb1 Bxc4 12. dxc4 Ne6 13. Be3 Rd8 14. Nh4 g6 15. Rxd8+ Kxd8 16. Bxc5 Qxc5 17. Rd1+ Ke7 18. g3 Rd8 19. Rxd8 Kxd8 20. c3 Ke7 21. Ng2 b5 22. cxb5 cxb5 23. Ne3 c6 24. h4 a5 25. h5 a4 26. hxg6 hxg6 27. a3 Qd6 28. c4 Qd4 29. cxb5 Qxe4+ 30. Qc2 Qxc2+ 31. Kxc2 cxb5 32. Kc3 Nc5 33. Kb4 Nd3+ 34. Kxb5 Nxb2 35. Nd5+ Ke6 36. Nc3 f5 37. Nxa4 Nd1 38. Nc5+ Kd5 39. a4 Nc3+ 40. Kb4 Nxa4 41. Nxa4 Ke4 42. Kc4 Kf3 43. Kd5 e4 44. Nc5 Kxf2 45. g4 fxg4 46. Nxe4+ Kf3 47. Ke5 g3 48. Nxg3 Kxg3 1/2-1/2


[Site "https://www.chess.com"]

[Event "Titled Tuesday Blitz March 22 Late 2022"]
[White "Sanchez, Robert"]
[Black "Kovanova, Baira"]
[WhiteFideId "2034360"]
[BlackFideId "4164083"]
[WhiteElo "2255"]
[BlackElo "2190"]
[Result "0-1"]
[Round "04"]
[TimeControl "180+1"]
[Date "2022.03.22"]
[WhiteClock "0:00:16"]
[BlackClock "0:01:49"]

1. e4 e5 2. Nf3 Nc6 3. Bb5 a6 4. Ba4 Nge7 5. c3 g6 6. d4 exd4 7. cxd4 b5 8. Bb3 Bg7 9. O-O Na5 10. Bc2 d6 11. h3 O-O 12. Nc3 c5 13. d5 Nc4 14. Rb1 h6 15. Bd3 Nb6 16. Be3 Kh7 17. e5 Bf5 18. exd6 Qxd6 19. Ne4 Bxe4 20. Bxe4 Nbxd5 21. Qc1 Rac8 22. Rd1 Qe6 23. Bxd5 Nxd5 24. Bxc5 Rfe8 25. Re1 Qf5 26. Rxe8 Rxe8 27. Qd1 Nf4 28. Kh2 Qxc5 0-1


[Site "https://www.chess.com"]

[Event "Titled Tuesday Blitz March 22 Late 2022"]
[White "Sapunov, Evgeny"]
[Black "Al-Tarboush, Ward"]
[WhiteFideId "4126661"]
[BlackFideId "7601450"]
[WhiteElo "2470"]
[BlackElo "2276"]
[Result "1-0"]
[Round "04"]
[TimeControl "180+1"]
[Date "2022.03.22"]
[WhiteClock "0:01:34"]
[BlackClock "0:00:08"]

1. c4 c5 2. Nf3 Nc6 3. Nc3 e5 4. e3 Nf6 5. d4 e4 6. Nd2 cxd4 7. exd4 Bb4 8. Nb3 O-O 9. Bf4 d5 10. c5 Bg4 11. Qd2 Re8 12. Bb5 e3 13. Bxe3 Ne4 14. Qc2 Bf5 15. Bd3 Qf6 16. O-O Rad8 17. a3 Qg6 18. Rae1 Bh3 19. f3 Bxc3 20. bxc3 f5 21. fxe4 fxe4 22. Bb5 Rf8 23. c4 Rf3 24. Rxf3 1-0


[Site "https://www.chess.com"]

[Event "Titled Tuesday Blitz March 22 Late 2022"]
[White "Shandrygin, Nikita"]
[Black "Zherebtsova, Alexandra"]
[WhiteFideId "24198668"]
[BlackFideId "24129518"]
[WhiteElo "2324"]
[BlackElo "2025"]
[Result "1-0"]
[Round "04"]
[TimeControl "180+1"]
[Date "2022.03.22"]
[WhiteClock "0:01:20"]
[BlackClock "0:01:14"]

1. Nf3 d5 2. g3 g6 3. Bg2 Bg7 4. d4 Nh6 5. O-O O-O 6. b3 Nd7 7. Bb2 Nf5 8. Nbd2 Nf6 9. Ne5 Nd6 10. c4 c6 11. e3 Bf5 12. Qe2 Nfe4 13. Ndf3 f6 14. Nd3 dxc4 15. bxc4 Nxc4 16. Nh4 Nxb2 17. Qxb2 Nd6 18. Nxf5 gxf5 19. Nc5 Qc8 20. Qb3+ Rf7 21. Rfc1 e5 22. Ne6 Qd7 23. d5 e4 24. dxc6 bxc6 25. Bf1 Re7 26. Nc5+ 1-0


[Site "https://www.chess.com"]

[Event "Titled Tuesday Blitz March 22 Late 2022"]
[White "Shimanov, Aleksandr"]
[Black "Tristan, Leonardo"]
[WhiteFideId "4198603"]
[BlackFideId "113816"]
[WhiteElo "2636"]
[BlackElo "2404"]
[Result "1-0"]
[Round "04"]
[TimeControl "180+1"]
[Date "2022.03.22"]
[WhiteClock "0:01:37"]
[BlackClock "0:00:08"]

1. e4 d5 2. exd5 Qxd5 3. Nc3 Qa5 4. Bc4 Nf6 5. d4 Bg4 6. f3 Bd7 7. Ne2 e6 8. O-O Be7 9. Ne4 O-O 10. c3 Nxe4 11. fxe4 c5 12. d5 exd5 13. Bxd5 Bc6 14. Nf4 Bg5 15. Ne6 Bxc1 16. Nxf8 Be3+ 17. Kh1 Bxd5 18. Qxd5 Qc7 19. Ne6 Qe7 20. Nd8 Nc6 21. Rxf7 Qxd8 22. Rd7+ Kh8 23. Rxd8+ Rxd8 24. Qf7 Rg8 25. Re1 Bh6 26. e5 Nd8 27. Qd7 Bg5 28. e6 Nc6 29. e7 Nxe7 30. Rxe7 Bxe7 31. Qxe7 b6 32. Qxa7 Re8 33. h3 1-0


[Site "https://www.chess.com"]

[Event "Titled Tuesday Blitz March 22 Late 2022"]
[White "Silvestre, Christian"]
[Black "Thomas, Anysia"]
[WhiteFideId "30956269"]
[BlackFideId "670472"]
[WhiteElo "2415"]
[BlackElo "2002"]
[Result "0-1"]
[Round "04"]
[TimeControl "180+1"]
[Date "2022.03.22"]
[WhiteClock "0:00:16"]
[BlackClock "0:00:39"]

1. Nf3 g6 2. g3 Bg7 3. Bg2 c5 4. O-O Nc6 5. c4 e6 6. Nc3 Nge7 7. e3 O-O 8. d4 cxd4 9. exd4 d5 10. c5 e5 11. Be3 Bg4 12. dxe5 d4 13. Bxd4 Bxf3 14. Qxf3 Qxd4 15. Ne4 Qxe5 16. Rac1 Nf5 17. Rfd1 Nfd4 18. Qe3 Rfe8 19. Nd6 Qxe3 20. fxe3 Rxe3 21. Bd5 Rf8 22. Rf1 Re7 23. Rce1 Rxe1 24. Rxe1 Nb4 25. Bc4 Nf3+ 26. Kf2 Nxe1 27. Kxe1 Nc2+ 28. Kd2 Nd4 29. Kc3 Nf5+ 30. Kb4 Nxd6 31. cxd6 Rd8 32. Kc5 Bf8 33. Kb4 Rxd6 34. Kb3 a6 35. h4 Kg7 36. Be2 h5 37. Bf3 b5 38. a4 bxa4+ 39. Kxa4 Rd4+ 40. b4 Rxb4+ 41. Ka5 Rb3 42. g4 Rxf3 43. gxh5 gxh5 44. Ka4 Rg3 45. Ka5 Rg4 46. Kb6 Rxh4 47. Ka5 Re4 48. Kb6 Re6+ 49. Ka5 h4 50. Ka4 h3 51. Kb3 h2 52. Kc4 h1=Q 53. Kd3 Qh4 54. Kd2 Qh2+ 55. Kc1 Re1# 0-1


[Site "https://www.chess.com"]

[Event "Titled Tuesday Blitz March 22 Late 2022"]
[White "Spata, German"]
[Black "Smirnov, Pavel"]
[WhiteFideId "113026"]
[BlackFideId "4123425"]
[WhiteElo "2238"]
[BlackElo "2545"]
[Result "1/2-1/2"]
[Round "04"]
[TimeControl "180+1"]
[Date "2022.03.22"]
[WhiteClock "0:00:07"]
[BlackClock "0:00:36"]

1. Nf3 Nf6 2. e3 e6 3. b3 d5 4. Bb2 b6 5. Be2 Bb7 6. O-O Nbd7 7. c4 Bd6 8. Nc3 a6 9. d4 O-O 10. Bd3 Qe7 11. Qc2 Rfe8 12. e4 dxe4 13. Nxe4 Nxe4 14. Bxe4 Bxe4 15. Qxe4 c5 16. Rad1 Nf6 17. Qe2 Rad8 18. Rd3 cxd4 19. Nxd4 Qc7 20. h3 Bc5 21. Rfd1 e5 22. Nf5 Rxd3 23. Qxd3 g6 24. Ne3 a5 25. Nd5 Nxd5 26. Qxd5 e4 27. Qd7 Qxd7 28. Rxd7 e3 29. fxe3 Rxe3 30. Kf1 Re8 31. Bd4 Bxd4 32. Rxd4 Re6 33. Rd5 Kg7 34. c5 bxc5 35. Rxc5 Ra6 36. Ke2 Ra8 37. Kd3 Rd8+ 38. Kc2 Ra8 39. Kb2 Re8 40. Rc2 Re5 41. Ka3 f5 42. Ka4 g5 43. a3 f4 44. b4 axb4 45. axb4 h5 46. b5 g4 47. hxg4 hxg4 48. b6 Re8 49. Kb5 Kf6 50. Ka6 Kf5 51. b7 Rb8 52. Ka7 Rxb7+ 53. Kxb7 f3 54. gxf3 gxf3 55. Rf2 Ke4 56. Rxf3 Kxf3 1/2-1/2


[Site "https://www.chess.com"]

[Event "Titled Tuesday Blitz March 22 Late 2022"]
[White "Svicevic, Rastko"]
[Black "Maltsevskaya, Aleksandra"]
[WhiteFideId "916315"]
[BlackFideId "24174041"]
[WhiteElo "2132"]
[BlackElo "2241"]
[Result "0-1"]
[Round "04"]
[TimeControl "180+1"]
[Date "2022.03.22"]
[WhiteClock "0:00:01"]
[BlackClock "0:00:24"]

1. d4 Nf6 2. Bg5 Ne4 3. Bf4 c5 4. f3 Qa5+ 5. c3 Nf6 6. dxc5 Qxc5 7. e4 e5 8. Bg5 Be7 9. Na3 Nxe4 10. fxe4 Bxg5 11. Nf3 Bf6 12. Bc4 O-O 13. Qe2 d6 14. O-O-O a6 15. Kb1 b5 16. Bd5 Ra7 17. Nc2 Be6 18. Rd3 a5 19. Rhd1 Rd8 20. Ne3 b4 21. Nc4 Bxd5 22. Rxd5 Qc6 23. Rxd6 Rxd6 24. Rxd6 Qb5 25. Rb6 Qe8 26. Nd6 Qd8 27. Qb5 Nd7 28. Rb7 Rxb7 29. Nxb7 Qc7 30. cxb4 axb4 31. Qxb4 g6 32. a4 Qc6 33. a5 Kg7 34. Qb3 Qxe4+ 35. Ka2 Qc6 36. Nd2 e4 37. Nc4 Nb8 38. Ncd6 Qd7 39. Qc4 e3 40. a6 Nxa6 41. Qxa6 Qe6+ 42. Qc4 e2 43. Qxe6 fxe6 0-1


[Site "https://www.chess.com"]

[Event "Titled Tuesday Blitz March 22 Late 2022"]
[White "Swicarz, Maciej"]
[Black "Kujawski, Adam"]
[WhiteFideId "1113585"]
[BlackFideId "1100920"]
[WhiteElo "2057"]
[BlackElo "2053"]
[Result "1-0"]
[Round "04"]
[TimeControl "180+1"]
[Date "2022.03.22"]
[WhiteClock "0:01:38"]
[BlackClock "0:00:02"]

1. e4 e5 2. Nf3 Nc6 3. c3 d5 4. Qa4 Bd7 5. exd5 Nd4 6. Qd1 Nxf3+ 7. Qxf3 Nf6 8. h3 e4 9. Qe3 Bd6 10. d4 O-O 11. c4 c6 12. dxc6 bxc6 13. Be2 Rc8 14. Nc3 c5 15. O-O cxd4 16. Qxd4 Bxh3 17. Rd1 Bxg2 18. Qxd6 Bf3 19. Qxd8 Rfxd8 20. Rxd8+ Rxd8 21. Bxf3 exf3 22. Bg5 Rd4 23. Bxf6 gxf6 24. Rd1 Rxc4 25. Rd3 Rg4+ 26. Kf1 Rb4 27. b3 h5 28. Rxf3 h4 29. Nd5 Rd4 30. Nxf6+ Kg7 31. Kg2 1-0


[Site "https://www.chess.com"]

[Event "Titled Tuesday Blitz March 22 Late 2022"]
[White "Szpar, Milosz"]
[Black "Goryachkina, Aleksandra"]
[WhiteFideId "1184989"]
[BlackFideId "4147103"]
[WhiteElo "2447"]
[BlackElo "2426"]
[Result "0-1"]
[Round "04"]
[TimeControl "180+1"]
[Date "2022.03.22"]
[WhiteClock "0:00:29"]
[BlackClock "0:00:08"]

1. e4 e6 2. d4 d5 3. Nd2 c5 4. exd5 Qxd5 5. Ngf3 cxd4 6. Bc4 Qd7 7. O-O Nc6 8. Nb3 a6 9. Nbxd4 Nxd4 10. Qxd4 Qxd4 11. Nxd4 Bd7 12. Be2 Bc5 13. Nb3 Bb6 14. Bf3 O-O-O 15. c4 Ne7 16. Bd2 Bc6 17. Bxc6 Nxc6 18. Bc3 f6 19. Rfd1 e5 20. Kf1 Rxd1+ 21. Rxd1 Rd8 22. Rxd8+ Nxd8 23. Bb4 Ne6 24. g3 Kd7 25. Ke2 Kc6 26. a4 h5 27. h4 f5 28. Bc3 e4 29. f3 exf3+ 30. Kxf3 g6 31. Nd2 Bc7 32. b4 b5 33. cxb5+ axb5 34. a5 f4 35. g4 hxg4+ 36. Kxg4 Kd5 37. Kf3 Bb8 38. Ne4 Kc4 39. Be1 Nd4+ 40. Kg4 Kd3 41. a6 Kxe4 42. Kg5 f3 43. Kxg6 Ke3 44. h5 Nc6 45. h6 f2 46. Bxf2+ Kxf2 47. h7 Be5 48. Kf5 Bh8 49. Ke6 Ke3 50. Kd6 Na7 51. Kc5 Kd3 52. Kb6 Bd4+ 53. Kb7 Kc4 54. h8=Q Bxh8 55. Kxa7 Bd4+ 56. Kb7 Kxb4 57. a7 Bxa7 58. Kxa7 Kc3 59. Kb6 b4 60. Kc5 b3 61. Kd5 b2 62. Ke6 b1=Q 63. Ke5 Qd1 64. Ke4 Qd4+ 65. Kf5 Qe3 66. Kf6 Kd4 67. Kf7 Qe5 68. Kf8 Qc7 69. Ke8 Ke5 70. Kf8 Kf6 71. Kg8 Qg7# 0-1


[Site "https://www.chess.com"]

[Event "Titled Tuesday Blitz March 22 Late 2022"]
[White "Sztokbant, Bernardo Vainzoff"]
[Black "Atzl, Florian"]
[WhiteFideId "2115956"]
[BlackFideId "1635891"]
[WhiteElo "2237"]
[BlackElo "2085"]
[Result "1/2-1/2"]
[Round "04"]
[TimeControl "180+1"]
[Date "2022.03.22"]
[WhiteClock "0:00:29"]
[BlackClock "0:00:30"]

1. d4 c5 2. c4 cxd4 3. Qxd4 Nc6 4. Qd1 g6 5. Nf3 Bg7 6. g3 Nf6 7. Bg2 O-O 8. O-O d6 9. Nc3 Bd7 10. Rb1 Rc8 11. b3 Bf5 12. Ra1 Ne4 13. Nxe4 Bxa1 14. Bh6 Bg7 15. Bxg7 Kxg7 16. Nc3 Qa5 17. Qd2 Rfd8 18. Qe3 Qc5 19. Qf4 Ne5 20. Nh4 Be6 21. Ne4 Qa5 22. a4 f6 23. Qe3 g5 24. Nxg5 fxg5 25. Qxg5+ Kf7 26. Qh5+ Kg7 27. Qg5+ Kf8 28. Qh6+ Kf7 29. Qh5+ Kg7 30. Qg5+ 1/2-1/2


[Site "https://www.chess.com"]

[Event "Titled Tuesday Blitz March 22 Late 2022"]
[White "Tabatabaei, M. Amin"]
[Black "Shuvalova, Polina"]
[WhiteFideId "12521213"]
[BlackFideId "24171760"]
[WhiteElo "2544"]
[BlackElo "2355"]
[Result "1/2-1/2"]
[Round "04"]
[TimeControl "180+1"]
[Date "2022.03.22"]
[WhiteClock "0:00:50"]
[BlackClock "0:00:09"]

1. b4 Nf6 2. Bb2 e6 3. a3 d5 4. Nf3 Be7 5. e3 O-O 6. c4 b6 7. Nc3 Bb7 8. d4 c5 9. dxc5 bxc5 10. b5 Nbd7 11. a4 a5 12. Be2 Nb6 13. Qb3 Qc7 14. Rd1 Rfd8 15. O-O h6 16. h3 Rac8 17. Rfe1 Rd7 18. Nb1 dxc4 19. Bxc4 Rcd8 20. Rxd7 Qxd7 21. Ne5 Qc7 22. Bf1 Ne4 23. Nc4 Nxc4 24. Bxc4 Bf6 25. Bxf6 Nxf6 26. Rd1 Rd6 27. Nc3 Ne4 28. Nxe4 Bxe4 29. Be2 Rxd1+ 30. Qxd1 c4 31. Bf3 Bxf3 32. Qxf3 c3 33. Qa8+ Kh7 34. Qe4+ f5 35. Qc2 Qc5 36. b6 Qxb6 37. Qxc3 Kg6 38. g3 Kf7 39. Qc2 Qb4 40. h4 h5 41. Kf1 g6 42. Ke2 Ke7 43. Qc7+ Kf6 44. Qc6 Qb2+ 45. Kf3 Qb4 46. Qc2 Qb7+ 47. Ke2 Qb4 48. Kd3 Qe4+ 49. Kd2 Qxc2+ 50. Kxc2 Ke5 51. Kd3 Kd5 52. f3 e5 53. e4+ fxe4+ 54. fxe4+ Kc5 55. Kc3 Kb6 56. Kc2 Kc6 57. Kb3 Kc5 58. Kc3 Kb6 59. Kd2 Kc5 60. Kc3 1/2-1/2


[Site "https://www.chess.com"]

[Event "Titled Tuesday Blitz March 22 Late 2022"]
[White "Taichman, Ori"]
[Black "Bryakin, Mikhail"]
[WhiteFideId "2804069"]
[BlackFideId "4165314"]
[WhiteElo "2227"]
[BlackElo "2417"]
[Result "1-0"]
[Round "04"]
[TimeControl "180+1"]
[Date "2022.03.22"]
[WhiteClock "0:00:25"]
[BlackClock "0:01:22"]

1. e4 c5 2. Nf3 d6 3. d4 cxd4 4. Nxd4 Nf6 5. Nc3 a6 6. Bg5 e6 7. f4 Be7 8. Qf3 h6 9. Bh4 g5 10. fxg5 hxg5 11. Bxg5 Nbd7 12. O-O-O Ne5 13. Qe2 b5 14. Nf3 Qa5 15. Nxe5 dxe5 16. Qf3 Nd7 17. Bxe7 Kxe7 18. Kb1 b4 19. Ne2 Qc5 20. h4 Nf6 21. g4 Bb7 22. Ng3 Ne8 23. Bd3 Nd6 24. g5 Rac8 25. h5 a5 26. Qf6+ Kd7 27. g6 a4 28. g7 Rhe8 29. Bb5+ Qxb5 30. Qxf7+ Kc6 31. Rxd6+ Kxd6 32. Rd1+ Kc5 33. h6 Rcd8 34. Rxd8 Rxd8 35. Qe7+ Rd6 36. g8=Q b3 37. Qgxe6 bxc2+ 38. Kc1 Qd3 39. Q7xd6+ Qxd6 40. Qxd6+ Kxd6 41. h7 1-0


[Site "https://www.chess.com"]

[Event "Titled Tuesday Blitz March 22 Late 2022"]
[White "Tanenbaum, Zachary"]
[Black "Svane, Rasmus"]
[WhiteFideId "2060850"]
[BlackFideId "4657101"]
[WhiteElo "2168"]
[BlackElo "2645"]
[Result "0-1"]
[Round "04"]
[TimeControl "180+1"]
[Date "2022.03.22"]
[WhiteClock "0:00:04"]
[BlackClock "0:00:36"]

1. e4 e5 2. Nf3 Nc6 3. Bc4 Bc5 4. c3 Nf6 5. d3 d6 6. Nbd2 a5 7. a4 O-O 8. Nf1 Be6 9. Bxe6 fxe6 10. Ng3 Qd7 11. O-O h6 12. Be3 Bxe3 13. fxe3 d5 14. Nd2 Rad8 15. Qb3 b6 16. d4 Kh8 17. Rad1 Ng4 18. Rde1 Rxf1+ 19. Ndxf1 Rf8 20. Qd1 Nf6 21. Nd2 Qf7 22. Rf1 Qg6 23. Qb1 Qg5 24. Rf3 Re8 25. exd5 exd5 26. Qf5 Qxf5 27. Rxf5 Kh7 28. h3 Re6 29. Nf3 g6 30. Rg5 exd4 31. exd4 Kg7 32. Re5 Nxe5 33. Nxe5 c5 34. Kf2 Re7 35. Kf3 cxd4 36. cxd4 Rc7 37. Ne2 Rc2 38. Nf4 g5 39. Ne6+ Kg8 40. g4 Rxb2 41. Nc7 Rb3+ 42. Kg2 Rb4 43. Na8 Rxa4 44. Nxb6 Rxd4 45. Nc6 Rd2+ 46. Kf3 Rd3+ 47. Ke2 Rxh3 48. Nxa5 d4 49. Nc6 d3+ 50. Kd2 Ne4+ 0-1


[Site "https://www.chess.com"]

[Event "Titled Tuesday Blitz March 22 Late 2022"]
[White "Tari, Aryan"]
[Black "Matinian, Nikita"]
[WhiteFideId "1510045"]
[BlackFideId "24129100"]
[WhiteElo "2567"]
[BlackElo "2422"]
[Result "0-1"]
[Round "04"]
[TimeControl "180+1"]
[Date "2022.03.22"]
[WhiteClock "0:00:18"]
[BlackClock "0:00:05"]

1. d4 Nf6 2. Nf3 g6 3. Bg5 Bg7 4. Nbd2 d5 5. e3 O-O 6. Bd3 b6 7. a4 c5 8. c3 Nc6 9. h3 h6 10. Bf4 Bb7 11. Ne5 Nd7 12. Nxd7 Qxd7 13. Nf3 Rae8 14. O-O g5 15. Bh2 c4 16. Bc2 f5 17. b3 cxb3 18. Bxb3 Ba6 19. Re1 e6 20. Bc2 Bc4 21. Bd3 Bxd3 22. Qxd3 Rc8 23. Qb5 Rf7 24. c4 Na5 25. cxd5 Qxb5 26. axb5 exd5 27. Rec1 Rc4 28. Nd2 Rxc1+ 29. Rxc1 f4 30. g4 Re7 31. Rc3 Kf7 32. Kf1 Ke8 33. Rc8+ Kd7 34. Ra8 Ke6 35. exf4 gxf4 36. Nf3 Rf7 37. Re8+ Kd7 38. Ra8 Ke6 39. Ke2 Nc4 40. Re8+ Kd7 41. Ra8 Ke6 42. g5 Nd6 43. Rh8 Nf5 44. gxh6 Bxh6 45. Rxh6+ Nxh6 46. Ng5+ Kf5 47. Nxf7 Nxf7 48. h4 Nd6 49. Kf3 Nxb5 50. Bxf4 Nxd4+ 51. Kg3 Ne2+ 0-1


[Site "https://www.chess.com"]

[Event "Titled Tuesday Blitz March 22 Late 2022"]
[White "Tsukerman, Julia"]
[Black "Donchenko, Anatoly"]
[WhiteFideId "2621649"]
[BlackFideId "4106091"]
[WhiteElo "2109"]
[BlackElo "2339"]
[Result "1/2-1/2"]
[Round "04"]
[TimeControl "180+1"]
[Date "2022.03.22"]
[WhiteClock "0:00:17"]
[BlackClock "0:00:25"]

1. e4 c5 2. Nf3 d6 3. d4 cxd4 4. Nxd4 Nf6 5. Nc3 a6 6. Be3 e6 7. f3 h5 8. Qd2 b5 9. O-O-O Bb7 10. Rg1 Nbd7 11. Kb1 Rc8 12. g3 Ne5 13. h3 Be7 14. g4 hxg4 15. hxg4 Qc7 16. Be2 Nc4 17. Bxc4 Qxc4 18. Rh1 Rxh1 19. Rxh1 b4 20. Nce2 a5 21. c3 bxc3 22. Nxc3 Ba6 23. Rc1 Qd3+ 24. Qxd3 Bxd3+ 25. Ka1 Kd7 26. a3 g6 27. Nce2 Rxc1+ 28. Nxc1 Ba6 29. Ncb3 Bd8 30. Bd2 a4 31. Nc1 e5 32. Nc2 Bc7 33. Na2 Be2 34. Ne1 d5 35. Nc3 Bc4 36. exd5 Nxd5 37. Nxa4 f5 38. gxf5 gxf5 39. Nc3 Nxc3 40. Bxc3 Ke6 41. Kb1 Be2 42. b4 Bb6 43. a4 Kd5 44. Kc2 Be3 45. b5 Kc4 46. Bxe5 Kb4 47. Bc7 Kxa4 48. b6 Ba6 49. Nd3 Kb5 50. f4 Kc6 51. Ne5+ Kb7 52. Ng6 Bxb6 53. Bxb6 Kxb6 54. Ne7 Kc5 55. Nxf5 Kd5 56. Ne3+ Ke4 57. f5 Kxe3 58. f6 Bc4 59. f7 Bxf7 1/2-1/2


[Site "https://www.chess.com"]

[Event "Titled Tuesday Blitz March 22 Late 2022"]
[White "Urazayev, Arystanbek"]
[Black "Paravyan, David"]
[WhiteFideId "13709810"]
[BlackFideId "4194985"]
[WhiteElo "2393"]
[BlackElo "2569"]
[Result "0-1"]
[Round "04"]
[TimeControl "180+1"]
[Date "2022.03.22"]
[WhiteClock "0:00:02"]
[BlackClock "0:00:12"]

1. d4 Nf6 2. c4 g6 3. Nc3 d5 4. Nf3 Bg7 5. cxd5 Nxd5 6. e4 Nxc3 7. bxc3 c5 8. Bb5+ Nc6 9. d5 Qa5 10. Rb1 a6 11. Ba4 b5 12. dxc6 Be6 13. Bb3 Bxc3+ 14. Bd2 c4 15. Bc2 O-O-O 16. a4 Bg4 17. O-O Rxd2 18. Qc1 Bxf3 19. axb5 axb5 20. gxf3 b4 21. e5 Kc7 22. Be4 Rb8 23. f4 Qa3 24. Qe1 Qa7 25. Kh1 Qd4 26. Bg2 Ra8 27. Qe4 Qxe4 28. Bxe4 e6 29. Rfc1 Ra3 30. Kg2 Kc8 31. Rd1 Raa2 32. Rxd2 Rxd2 33. Rc1 Kc7 34. Rb1 Rd4 35. Kf3 b3 36. Rc1 Bb2 0-1


[Site "https://www.chess.com"]

[Event "Titled Tuesday Blitz March 22 Late 2022"]
[White "Vovk, Orest"]
[Black "Cavanah, Troy"]
[WhiteFideId "14113490"]
[BlackFideId "30949670"]
[WhiteElo "2203"]
[BlackElo "1878"]
[Result "1-0"]
[Round "04"]
[TimeControl "180+1"]
[Date "2022.03.22"]
[WhiteClock "0:01:32"]
[BlackClock "0:00:21"]

1. d4 Nf6 2. Bg5 d5 3. Bxf6 exf6 4. Nf3 c6 5. e3 Bd6 6. c4 O-O 7. cxd5 cxd5 8. Nc3 Nc6 9. Bd3 a6 10. O-O Bc7 11. Rc1 Bg4 12. Be2 Qd6 13. g3 b5 14. Ne1 Bxe2 15. Qxe2 Ne7 16. Qf3 Rac8 17. Nd3 Ba5 18. Nc5 Bb4 19. Nd3 Rc4 20. Ne2 Rfc8 21. a3 Ba5 22. b4 Rxc1 23. Rxc1 Rxc1+ 24. Nexc1 Bb6 25. Nb3 Qc6 26. Nbc5 Nc8 27. Nf4 Bxc5 28. dxc5 Ne7 29. Ne2 Qd7 30. Nd4 Nc6 31. Nxc6 Qxc6 32. Qf4 g6 33. Qb8+ Kg7 34. Qb6 Qe8 35. c6 d4 36. c7 d3 37. Qb8 d2 38. Qxe8 d1=Q+ 39. Kg2 Qd5+ 40. e4 1-0


[Site "https://www.chess.com"]

[Event "Titled Tuesday Blitz March 22 Late 2022"]
[White "Xie, Bryan"]
[Black "Sailer, Mike"]
[WhiteFideId "30941296"]
[BlackFideId "2012901"]
[WhiteElo "1899"]
[BlackElo "2109"]
[Result "0-1"]
[Round "04"]
[TimeControl "180+1"]
[Date "2022.03.22"]
[WhiteClock "0:00:10"]
[BlackClock "0:00:07"]

1. e4 d5 2. exd5 Qxd5 3. Nc3 Qd6 4. d4 Nf6 5. Nf3 c6 6. g3 Bf5 7. Bf4 Qd8 8. Bg2 e6 9. Nh4 Bg4 10. f3 Bh5 11. Bg5 Be7 12. O-O h6 13. Bxf6 Bxf6 14. Qe1 Bxh4 15. gxh4 Nd7 16. Qg3 O-O 17. Ne4 Nf6 18. c3 Nxe4 19. Qf4 Nf6 20. Qg3 Bg6 21. Bh3 Nh5 22. Qf2 Qf6 23. f4 Bf5 24. Bg2 g6 25. Rae1 Rad8 26. Re5 b6 27. Bxc6 Bh3 28. Bg2 Bxg2 29. Qxg2 Qxh4 30. Rf3 Nxf4 31. Qf1 g5 32. Rg3 Rd5 33. Ree3 Rf5 34. Ref3 Kh8 35. h3 Qh5 36. Kh2 Rg8 37. Rg4 Rg6 38. Qc4 Rgf6 39. Rfg3 Kh7 40. Qc8 Ng6 41. Qc4 Rf4 42. Qe2 Rxg4 43. Rxg4 Rf4 44. Kg2 Rxg4+ 45. Qxg4 Qxg4+ 46. hxg4 Nf4+ 47. Kf3 Kg6 48. Ke4 f5+ 49. gxf5+ exf5+ 50. Ke5 Nd3+ 51. Ke6 f4 52. d5 f3 53. d6 f2 54. d7 Nc5+ 55. Kd6 Nxd7 56. Kxd7 f1=Q 57. Kc6 Qc4+ 58. Kb7 Qxa2 59. c4 Qxb2 60. Kxa7 Qc3 61. Kxb6 0-1


[Site "https://www.chess.com"]

[Event "Titled Tuesday Blitz March 22 Late 2022"]
[White "Yoo, Christopher Woojin"]
[Black "Moussard, Jules"]
[WhiteFideId "30909694"]
[BlackFideId "642908"]
[WhiteElo "2105"]
[BlackElo "2557"]
[Result "1-0"]
[Round "04"]
[TimeControl "180+1"]
[Date "2022.03.22"]
[WhiteClock "0:00:02"]
[BlackClock "0:00:23"]

1. d4 Nf6 2. Nf3 d6 3. Nbd2 Nbd7 4. e4 e5 5. c3 g6 6. Bd3 Bg7 7. O-O O-O 8. Re1 Re8 9. a4 a5 10. Qc2 b6 11. b3 Bb7 12. Bb2 Nh5 13. Bf1 Nf4 14. g3 Ne6 15. h4 exd4 16. cxd4 d5 17. e5 c5 18. dxc5 bxc5 19. h5 Rc8 20. Bb5 Bc6 21. Bxc6 Rxc6 22. Rad1 Qc7 23. Qd3 c4 24. bxc4 dxc4 25. Qc3 Ndc5 26. Qxc4 Rb8 27. Ba3 Nb3 28. Qh4 Nxd2 29. Rxd2 Rb3 30. Bd6 Qc8 31. hxg6 hxg6 32. Ng5 Nxg5 33. Qxg5 Rc1 34. Rdd1 Rxd1 35. Rxd1 Qc2 36. Rf1 Rb1 37. Rxb1 Qxb1+ 38. Kh2 Qc2 39. Qd8+ Kh7 40. Qh4+ Kg8 41. Qf4 g5 42. Qf3 Qxa4 43. Qa8+ Kh7 44. Qf3 Qd4 45. Qf5+ Kg8 46. e6 Qxd6 47. Qxf7+ Kh7 48. e7 Qh6+ 49. Kg1 a4 50. e8=Q Qb6 51. Qeg8+ Kh6 52. Qgxg7# 1-0


[Site "https://www.chess.com"]